 Dungeon Sprint DCSS version 0.31-b1-19-g70c676f13a (webtiles) character file.

Game seed: 6709863437899481772

9500000 Groucho the Intangible (level 27, -10/199 (228) HPs)
             Began as a Djinni Warper on Jan 18, 2024.
             Was the Champion of Makhleb.
             Killed from afar by a wretched soul (93 damage)
             ... with a bolt of negative energy
             ... in the Dungeon (Sprint VIII: "Arena of Blood").
             The game lasted 00:03:39 (95 turns).

Groucho the Intangible (Djinni Warper)                Turns: 95, Time: 00:03:40

HP:   -10/199 (228) AC:  6    Str: 10    XL:     27
Gold: 0             EV: 28    Int: 25    God:    Makhleb [******] SH:  0 Dex: 17

rFire   + + .        i - +∞ Axe of Woe
rCold   x . .        (shield currently unavailable)
rNeg    . . .        b - +0 leather armour
rPois   ∞            (no helmet)
rElec   .            (no cloak)
rCorr   .            (no gloves)
SInv    +            (boots unavailable)
Will    ++...        (no amulet)
Stlth   +++++++++    j - ring of see invisible
HPRegen 0.53/turn    (no ring)
MPRegen 0.00/turn

%: no teleportation, infuse magic (-11 HP)
@: flying, slowed, heavily drained, very slow
A: sickness immunity, fire resistance 2, cold vulnerability 1, float, innate
caster, HP casting, extra vitality 1
a: Renounce Religion, Minor Destruction, Lesser Servant of Makhleb, Major
Destruction, Greater Servant of Makhleb


You were in the Dungeon.
You worshipped Makhleb.
Makhleb was exalted by your worship.
You visited 1 branch

Inventory:

Hand Weapons
 a - a +0 hand axe
 i - the +∞ Axe of Woe (weapon)
   (You found it in the Dungeon)
Missiles
 d - 7 darts of dispersal
Armour
 b - a +0 leather armour (worn)
Jewellery
 g - a +30 ring of slaying
 j - a ring of see invisible (left hand)
 k - a +130 ring of slaying
Scrolls
 c - a scroll of blinking
Potions
 e - a potion of curing
 f - a potion of heal wounds
 h - a potion of berserk rage


   Skills:
 O Level 27 Fighting
 O Level 27 Short Blades
 O Level 27 Long Blades
 O Level 27 Axes
 O Level 27 Maces & Flails
 O Level 27 Polearms
 O Level 27 Staves
 O Level 27 Ranged Weapons
 O Level 27 Throwing
 O Level 27 Armour
 O Level 27 Dodging
 O Level 27 Stealth
 O Level 27 Shields
 O Level 27 Unarmed Combat
 O Level 27 Spellcasting
 O Level 27 Conjurations
 O Level 27 Hexes
 O Level 27 Summonings
 O Level 27 Necromancy
 O Level 27 Translocations
 O Level 27 Fire Magic
 O Level 27 Ice Magic
 O Level 27 Air Magic
 O Level 27 Earth Magic
 O Level 27 Alchemy
 O Level 27 Invocations
 O Level 27 Evocations
 O Level 27 Shapeshifting


You knew the following spells:

 Your Spells              Type           Power      Damage    Failure   Level
a - Blink                 Tloc           100%       N/A       0%          2
b - Lesser Beckoning      Tloc           100%       N/A       0%          2
c - Teleport Other        Tloc           100%       N/A       0%          3
d - Manifold Assault      Tloc           100%       N/A       0%          4
e - Vhi's Electric Charg  Tloc/Air       100%       N/A       0%          4
f - Apportation           Tloc           100%       N/A       0%          1
g - Ensorcelled Hibernat  Hex/Ice        100%       N/A       0%          2
h - Call Imp              Summ           100%       N/A       0%          2
i - Mephitic Cloud        Conj/Alch/Air  100%       N/A       0%          3
j - Sticky Flame          Fire/Alch      100%       2d15      0%          4
k - Fireball              Conj/Fire      53%        3d21      0%          5
l - Eringya's Noxious Bo  Alch           53%        4d6       0%          6
m - Sculpt Simulacrum     Ice/Alch       53%        N/A       0%          6
n - Ozocubu's Refrigerat  Ice            53%        4d19      0%          7
o - Lehudib's Crystal Sp  Conj/Erth      53%        10d12     1%          8
p - Orb of Destruction    Conj           53%        9d13      0%          7
q - Ignition              Fire           53%        3d15      1%          8
r - Chain Lightning       Conj/Air       53%        3d70      1%          9
Your spell library was empty.

Dungeon Overview and Level Annotations

Branches:
Dungeon (1/1)

Altars:
Makhleb


Innate Abilities, Weirdness & Mutations

You are immune to sickness and miasma.
You are immune to poison.
Your flesh is very heat resistant. (rF++)
You are vulnerable to cold. (rC-)
You float through the air rather than walking.
You learn spells naturally, not from books.
Your magical power is your life essence.
You have superior vitality. (+4 MHP)


Message History

Makhleb accepts your kill.
The large bag of meat explodes!
The fiery explosion engulfs you! You resist.
You hear a shout!
The meat berserker rages. x2
The observer gazes at you. Something smites you!
The bag of meat is engulfed in blazing flames.
The dread is engulfed in blazing flames.
The wretched soul breathes negative energy at you.
The bolt of negative energy hits the observer!!!!
The observer is drained!
The bolt of negative energy hits you!!!!
You feel drained.
A dread comes into view.
The meat berserker rages.
Your life force feels restored.
A meat beast comes into view.
Unknown command.
Unknown command.
The meat beast howls!
You hit the observer.
You dissect the observer like a pig carcass.
You kill the observer!
Makhleb accepts your kill.
You feel better.
You hear two shouts!
You hear a shout! x3
The meat beast howls, "Admit defeat, thou weedy earth-vexing pustule!"
The meat berserker rages.
A large bag of meat comes into view. It is wielding a +9 giant spiked club.
A meat berserker comes into view. It is wielding a +9 battleaxe.
The meat berserker is engulfed in blazing flames.
The meat berserker rages.
The dread is engulfed in blazing flames.
The dread throws damnation at you.
The sphere of damnation explodes!
The damnation engulfs you!!
The wretched soul breathes negative energy at you.
The bolt of negative energy hits you!!!!
You feel drained.
You die...

o.......###......
#O.....W._.....
.†....#V....# ))
..2.o.#_.<._#...)
...M.)#O....#....
#...)..G._..O.)).
.....O§M###..)....
..)###§°)...)###..
....#§@.)...#....
.°2.#)..)...#))..
°)o))..)..W......
☼§Wo))).))......#
..§O..GO))))....#
..§.§...)))...##..
.)..#....))..#..).
......).)))..#.).#
..##.#).)))..))..


You could see 2 accurseds, a meat beast (fast), a destroyer, 2 observers, a
large bag of meat (inner flame), 2 dreads, 5 meat berserkers, a wretched soul
(invisible) and 2 bags of meat.

Vanquished Creatures
  4 hell beasts (D)
  5 royal mummies (D)
  3 wraiths (D)
  A great orb of eyes (D)
  Harold (D)
  10 vampire knights (D)
  28 ogres (D)
  7 two-headed ogres (D)
  3 liches (D)
  A hydra (D)
  2 phantoms (D)
  77 orcs (D)
  5 skeletal warriors (D)
147 creatures vanquished.

Notes
Turn   | Place    | Note
-------+----------+-------------------------------------------
     0 | D        | Found the +∞ Axe of Woe
     0 | D        | Groucho the Djinni Warper began the quest for the Orb.
     0 | D        | Groucho set off with the following spells memorised: Blink,
                  | Lesser Beckoning, Teleport Other, Manifold Assault, Vhi's
                  | Electric Charge.
     0 | D        | Reached XP level 1. HP: 18/18 MP: 0/0
     2 | D        | Noticed a bag of meat
     2 | D        | Noticed a bag of meat
     2 | D        | Noticed a bag of meat
     4 | D        | Noticed a bag of meat
     5 | D        | Became a worshipper of Makhleb the Destroyer
     5 | D        | Noticed a bag of meat
     6 | D        | Noticed a bag of meat
     6 | D        | Noticed a meat berserker
     7 | D        | Noticed a bag of meat
     7 | D        | Noticed a bag of meat
     7 | D        | Noticed a bag of meat
     8 | D        | Killed a bag of meat
     8 | D        | Noticed a meat berserker
     8 | D        | Noticed a meat berserker
     8 | D        | Noticed a bag of meat
     9 | D        | Reached skill level 15 in Axes
     9 | D        | Reached skill level 10 in Spellcasting
     9 | D        | Reached skill level 10 in Conjurations
     9 | D        | Reached skill level 10 in Hexes
     9 | D        | Reached skill level 10 in Summonings
     9 | D        | Reached skill level 10 in Necromancy
     9 | D        | Reached skill level 10 in Translocations
     9 | D        | Reached skill level 10 in Fire Magic
     9 | D        | Reached skill level 10 in Ice Magic
     9 | D        | Reached skill level 10 in Air Magic
     9 | D        | Reached skill level 10 in Earth Magic
     9 | D        | Reached skill level 10 in Alchemy
     9 | D        | Reached XP level 2. HP: 23/23 MP: 0/0
     9 | D        | Reached XP level 3. HP: 28/28 MP: 0/0
     9 | D        | Learned a level 1 spell: Apportation
     9 | D        | Reached XP level 4. HP: 33/33 MP: 0/0
     9 | D        | Reached XP level 5. HP: 38/38 MP: 0/0
     9 | D        | Learned a level 2 spell: Ensorcelled Hibernation
     9 | D        | Reached XP level 6. HP: 43/43 MP: 0/0
     9 | D        | Reached XP level 7. HP: 49/49 MP: 0/0
     9 | D        | Learned a level 2 spell: Call Imp
     9 | D        | Reached XP level 8. HP: 54/54 MP: 0/0
     9 | D        | Reached XP level 9. HP: 58/58 MP: 0/0
     9 | D        | Learned a level 3 spell: Mephitic Cloud
     9 | D        | Reached XP level 10. HP: 64/64 MP: 0/0
     9 | D        | Reached XP level 11. HP: 68/68 MP: 0/0
     9 | D        | Learned a level 4 spell: Sticky Flame
     9 | D        | Noticed a bag of meat
     9 | D        | Noticed a bag of meat
     9 | D        | Noticed a bag of meat
     9 | D        | Noticed a meat berserker
     9 | D        | Noticed a bag of meat
     9 | D        | Noticed a bag of meat
     9 | D        | Noticed a bag of meat
     9 | D        | Noticed a bag of meat
     9 | D        | Noticed a large bag of meat
     9 | D        | Noticed a bag of meat
     9 | D        | Noticed a bag of meat
     9 | D        | Noticed a bag of meat
     9 | D        | Noticed a bag of meat
     9 | D        | Noticed a bag of meat
     9 | D        | Noticed a bag of meat
     9 | D        | Noticed a bag of meat
    10 | D        | Noticed a meat berserker
    10 | D        | Killed a bag of meat
    10 | D        | Reached * piety under Makhleb
    10 | D        | Killed a meat berserker
    10 | D        | Killed a bag of meat
    11 | D        | Reached skill level 15 in Spellcasting
    11 | D        | Reached skill level 15 in Conjurations
    11 | D        | Reached skill level 15 in Hexes
    11 | D        | Reached skill level 15 in Summonings
    11 | D        | Reached skill level 15 in Necromancy
    11 | D        | Reached skill level 15 in Translocations
    11 | D        | Reached skill level 15 in Fire Magic
    11 | D        | Reached skill level 15 in Ice Magic
    11 | D        | Reached skill level 15 in Air Magic
    11 | D        | Reached skill level 15 in Earth Magic
    11 | D        | Reached skill level 15 in Alchemy
    11 | D        | Reached XP level 12. HP: 70/74 MP: 0/0
    11 | D        | Reached XP level 13. HP: 73/78 MP: 0/0
    11 | D        | Learned a level 5 spell: Fireball
    11 | D        | Reached XP level 14. HP: 80/85 MP: 0/0
    11 | D        | Noticed a meat berserker
    11 | D        | Killed a meat berserker
    11 | D        | Reached ** piety under Makhleb
    11 | D        | Killed a meat berserker
    11 | D        | Noticed a bag of meat
    11 | D        | Noticed a bag of meat
    11 | D        | Noticed a bag of meat
    11 | D        | Noticed a large bag of meat
    11 | D        | Noticed a bag of meat
    12 | D        | Reached XP level 15. HP: 89/89 MP: 0/0
    12 | D        | Learned a level 6 spell: Eringya's Noxious Bog
    12 | D        | Reached *** piety under Makhleb
    13 | D        | Reached skill level 27 in Dodging
    13 | D        | Reached XP level 16. HP: 94/94 MP: 0/0
    13 | D        | Noticed a meat berserker
    13 | D        | Noticed a meat berserker
    14 | D        | Reached **** piety under Makhleb
    16 | D        | Reached ***** piety under Makhleb
    16 | D        | Killed a large bag of meat
    17 | D        | Reached skill level 27 in Axes
    17 | D        | Reached XP level 17. HP: 89/99 MP: 0/0
    17 | D        | Learned a level 6 spell: Sculpt Simulacrum
    18 | D        | Reached skill level 27 in Spellcasting
    18 | D        | Reached skill level 27 in Conjurations
    18 | D        | Reached skill level 27 in Hexes
    18 | D        | Reached skill level 27 in Summonings
    18 | D        | Reached skill level 27 in Necromancy
    18 | D        | Reached skill level 27 in Translocations
    18 | D        | Reached skill level 27 in Fire Magic
    18 | D        | Reached skill level 27 in Ice Magic
    18 | D        | Reached skill level 27 in Air Magic
    18 | D        | Reached skill level 27 in Earth Magic
    18 | D        | Reached skill level 27 in Alchemy
    18 | D        | Reached XP level 18. HP: 127/130 MP: 0/0
    18 | D        | Killed a meat berserker
    18 | D        | Killed a meat berserker
    19 | D        | Noticed a meat berserker
    19 | D        | Killed a meat berserker
    19 | D        | Reached ****** piety under Makhleb
    20 | D        | Reached XP level 19. HP: 159/161 MP: 0/0
    20 | D        | Learned a level 7 spell: Ozocubu's Refrigeration
    21 | D        | Killed a large bag of meat
    22 | D        | Reached skill level 27 in Fighting
    22 | D        | Reached skill level 27 in Armour
    22 | D        | Reached XP level 20. HP: 173/181 MP: 0/0
    22 | D        | Killed a meat berserker
    22 | D        | Killed a meat berserker
    24 | D        | Noticed a destroyer
    24 | D        | Noticed a destroyer
    25 | D        | Noticed a large bag of meat
    26 | D        | Noticed a destroyer
    28 | D        | Reached skill level 27 in Invocations
    28 | D        | Reached XP level 21. HP: 187/187 MP: 0/0
    28 | D        | Learned a level 8 spell: Lehudib's Crystal Spear
    29 | D        | Reached skill level 15 in Maces & Flails
    31 | D        | Killed a meat berserker
    32 | D        | Noticed a meat berserker
    32 | D        | Noticed a meat berserker
    33 | D        | Killed a destroyer
    33 | D        | Killed a destroyer
    34 | D        | Reached skill level 27 in Maces & Flails
    34 | D        | Reached XP level 22. HP: 194/194 MP: 0/0
    35 | D        | Reached skill level 15 in Polearms
    37 | D        | Noticed a meat berserker
    37 | D        | Noticed a destroyer
    39 | D        | Killed a meat berserker
    41 | D        | Noticed a destroyer
    41 | D        | Noticed a meat berserker
    42 | D        | Killed a meat berserker
    43 | D        | Reached XP level 23. HP: 201/201 MP: 0/0
    43 | D        | Learned a level 7 spell: Orb of Destruction
    44 | D        | Reached skill level 27 in Polearms
    44 | D        | Reached skill level 15 in Staves
    44 | D        | Killed a destroyer
    45 | D        | Noticed an accursed
    45 | D        | Noticed an accursed
    45 | D        | Killed an accursed
    46 | D        | Reached skill level 27 in Staves
    46 | D        | Reached XP level 24. HP: 208/208 MP: 0/0
    46 | D        | Killed a destroyer
    47 | D        | Reached skill level 27 in Unarmed Combat
    47 | D        | Reached XP level 25. HP: 214/214 MP: 0/0
    47 | D        | Learned a level 8 spell: Ignition
    47 | D        | Killed an accursed
    48 | D        | Reached skill level 27 in Throwing
    48 | D        | Killed a large bag of meat
    48 | D        | Killed a destroyer
    49 | D        | Reached XP level 26. HP: 213/221 MP: 0/0
    51 | D        | Reached skill level 27 in Stealth
    52 | D        | Noticed a destroyer
    53 | D        | Noticed a tyrant
    53 | D        | Noticed a large bag of meat
    54 | D        | Noticed a destroyer
    54 | D        | Noticed a destroyer
    55 | D        | Killed a large bag of meat
    57 | D        | Killed a destroyer
    58 | D        | Reached skill level 27 in Short Blades
    58 | D        | Reached XP level 27. HP: 208/228 MP: 0/0
    58 | D        | Learned a level 9 spell: Chain Lightning
    59 | D        | Noticed a tyrant
    60 | D        | Reached skill level 27 in Long Blades
    60 | D        | Killed a tyrant
    60 | D        | Killed a destroyer
    61 | D        | Killed a destroyer
    62 | D        | Noticed The Servant
    63 | D        | Killed a tyrant
    64 | D        | Reached skill level 27 in Ranged Weapons
    64 | D        | Noticed a dread
    64 | D        | Killed a dread
    65 | D        | Reached skill level 27 in Shields
    65 | D        | Noticed a dread
    65 | D        | Noticed an accursed
    65 | D        | Noticed a destroyer
    66 | D        | Killed an accursed
    66 | D        | Killed a destroyer
    66 | D        | Killed a dread
    67 | D        | Reached skill level 27 in Evocations
    67 | D        | Noticed a dread
    67 | D        | Noticed a large bag of meat
    68 | D        | Killed a large bag of meat
    68 | D        | Killed a dread
    69 | D        | Reached skill level 27 in Shapeshifting
    69 | D        | Killed The Servant
    69 | D        | Noticed an accursed
    71 | D        | Noticed a dread
    71 | D        | Noticed an accursed
    74 | D        | Killed an accursed
    74 | D        | Noticed a tyrant
    76 | D        | Noticed a meat beast
    77 | D        | Killed a tyrant
    80 | D        | Killed an accursed
    81 | D        | Killed a meat beast
    81 | D        | Noticed a meat beast
    81 | D        | Noticed a destroyer
    82 | D        | Killed a meat beast
    85 | D        | Killed a destroyer
    85 | D        | Noticed a large bag of meat
    86 | D        | Noticed a meat beast
    86 | D        | Noticed an accursed
    87 | D        | Noticed a meat beast
    88 | D        | Noticed a large bag of meat
    89 | D        | Killed a meat beast
    90 | D        | Killed a meat beast
    90 | D        | Noticed an accursed
    92 | D        | Killed a large bag of meat
    92 | D        | Noticed a destroyer
    94 | D        | Killed a large bag of meat
    94 | D        | Noticed a dread
    95 | D        | Noticed a meat beast
    95 | D        | Noticed a large bag of meat
    95 | D        | Killed from afar by a wretched soul

Illustrated notes

Levels and vault maps discovered:
D:        meatsprint

Skill      XL: |  1  2  3  4  5  6  7  8  9 10 11 12 13 14 15 16 17 18 19 20 21 22 23 24 25 26 27 |
---------------+----------------------------------------------------------------------------------+-----
Axes           | 15 20 23 24 27 | 27.0
Dodging        | 14 21 24 27 | 27.0
Spellcasting   | 10 15 18 20 26 27 | 27.0
Conjurations   | 10 15 18 20 26 27 | 27.0
Hexes          | 10 15 18 20 26 27 | 27.0
Summonings     | 10 15 18 20 26 27 | 27.0
Necromancy     | 10 15 18 20 26 27 | 27.0
Translocations | 10 15 18 20 26 27 | 27.0
Fire Magic     | 10 15 18 20 26 27 | 27.0
Ice Magic      | 10 15 18 20 26 27 | 27.0
Air Magic      | 10 15 18 20 26 27 | 27.0
Earth Magic    | 10 15 18 20 26 27 | 27.0
Alchemy        | 10 15 18 20 26 27 | 27.0
Fighting       | 12 22 27 | 27.0
Armour         | 11 22 27 | 27.0
Invocations    | 8 27 | 27.0
Maces & Flails | 13 27 | 27.0
Polearms       | 12 26 27 | 27.0
Staves         | 27 | 27.0
Unarmed Combat | 23 27 | 27.0
Throwing       | 17 27 | 27.0
Stealth        | 23 27 | 27.0
Short Blades   | 27 | 27.0
Long Blades    | 23 27 | 27.0
Ranged Weapons | 27 | 27.0
Shields        | 27 | 27.0
Evocations     | 27 | 27.0
Shapeshifting  | 27 | 27.0

Action                     |  1- 3 |  4- 6 |  7- 9 | 10-12 | 13-15 | 16-18 | 19-21 | 22-24 | 25-27 || total
---------------------------+-------+-------+-------+-------+-------+-------+-------+-------+-------++-------
  Melee: Executioner's axe |     1 |       |       |     3 |     2 |     5 |     9 |    12 |    82 ||   114
   Cast: Manifold Assault  |       |       |       |     1 |       |       |       |     1 |    17 ||    19
    Use: Potion            |     1 |       |       |       |       |       |       |       |       ||     1
         Scroll            |       |       |       |     1 |       |       |       |       |       ||     1
 Armour: Leather armour    |       |       |       |       |       |     5 |     7 |       |    13 ||    25
  Dodge: Dodged            |       |       |       |       |       |       |       |       |     2 ||     2
